 Dungeon Crawl Stone Soup version 0.29.1-15-g9cfb28693d (webtiles) character file.

Game seed: 10527341299252437588

175461 Hugehornet the Earth Mage (level 18, -6/104 HPs)
             Began as a Gargoyle Earth Elementalist on Mar 23, 2023.
             Was a High Priest of Sif Muna.
             Mangled by a nagaraja
             ... wielding a +0 spear
              (25 damage)
             ... on level 4 of the Snake Pit on Mar 25, 2023.
             The game lasted 04:00:08 (51462 turns).

Hugehornet the Earth Mage (GrEE)                   Turns: 51462, Time: 04:00:09

Health: -6/104     AC: 36    Str: 12    XL:     18   Next: 10%
Magic:  24/41      EV:  9    Int: 33    God:    Sif Muna [*****.]
Gold:   1380       SH:  0    Dex: 10    Spells: 2/37 levels left

rFire   . . .      SeeInvis .   j - staff of cold
rCold   + . .      Faith    .   (no shield)
rNeg    + . .      Spirit   .   s - +4 ring mail {Will+}
rPois   ∞          Reflect  .   t - +2 helmet {Int+3}
rElec   +          Harm     .   k - +2 cloak {Stlth+}
rCorr   .          Rampage  .   X - +2 pair of gloves
Will    ++...      Clarity  +   l - +1 pair of boots
Stlth   ++........              W - amulet of the acrobat
HPRegen 0.27/turn               p - ring of magical power
MPRegen 0.27/turn               Q - +6 ring of intelligence

@: acrobatic, flying, constricted
A: sickness immunity, AC +13, big wings, negative energy resistance 1,
electricity resistance, torment resistance 1, petrification resistance, clarity,
MP-powered wands
a: Renounce Religion, Channel Magic, Forget Spell, Divine Exegesis


You were on level 4 of the Snake Pit.
You worshipped Sif Muna.
Sif Muna was extremely pleased with you.
You visited 5 branches of the dungeon, and saw 27 of its levels.
You visited 1 bazaar.
You also visited: Sewer and Ossuary.

You collected 3963 gold pieces.
You spent 2583 gold pieces at shops.

Inventory:

Hand Weapons
 L - a +1 lajatang of flaming
Armour
 k - a +2 cloak of stealth (worn)
 l - a +1 pair of boots (worn)
 s - a +4 ring mail of willpower (worn)
 t - a +2 helmet of intelligence (worn)
 E - a +0 scale mail of cold resistance
 X - a +2 pair of gloves (worn)
 Z - a +3 ring mail of fire resistance
Magical Staves
 j - a staff of cold (weapon)
 O - a staff of conjuration
Jewellery
 a - the ring "Himyetarr" {Fly Int+5 Dex+3 SInv}
   (You bought it in a shop in a bazaar)

   [ring of flight]

   Int:       It affects your intelligence (+5).
   Dex:       It affects your dexterity (+3).
   SInv:      It lets you see invisible.
   Fly:       It grants you flight.
 d - the ring of Atheism {rC+ rCorr}
   (You bought it in a shop in a bazaar)

   [ring of protection from cold]

   rC:        It protects you from cold.
   rCorr:     It protects you from acid and corrosion.
 h - a ring of fire
 p - a ring of magical power (left hand)
 r - a +6 ring of intelligence
 y - a ring of protection from cold
 B - a ring of fire
 H - an amulet of magic regeneration
 Q - a +6 ring of intelligence (right hand)
 U - a ring of ice
 W - an amulet of the acrobat (around neck)
Wands
 m - a wand of iceblast (16)
 u - a wand of flame (46)
 w - a wand of polymorph (3)
 F - a wand of light (7)
 G - a wand of digging (6)
 I - a wand of mindburst (20)
 K - a wand of paralysis (49)
Scrolls
 e - 6 scrolls of identify
 i - 2 scrolls of fear
 n - a scroll of amnesia
 q - 8 scrolls of magic mapping
 v - a scroll of silence
 x - a scroll of blinking
 A - 8 scrolls of butterflies
 C - a scroll of poison
 D - 13 scrolls of teleportation
 M - a scroll of torment
 S - a scroll of summoning
 V - 2 scrolls of enchant armour
Potions
 b - 2 potions of magic
 c - 10 potions of curing
 f - a potion of cancellation
 g - 8 potions of haste
 o - 4 potions of might
 z - 2 potions of ambrosia
 J - a potion of heal wounds
 T - 3 potions of invisibility
 Y - 2 potions of brilliance


   Skills:
 + Level 8.8 Fighting
 * Level 5.0 Staves
 + Level 7.2 Armour
 * Level 6.6 Dodging
 - Level 2.1 Stealth
 * Level 10.2 Spellcasting
 - Level 15.0 Conjurations
 + Level 4.7 Hexes
 + Level 3.0 Translocations
 + Level 9.0 Transmutations
 + Level 5.2 Fire Magic
 - Level 10.0 Ice Magic
 - Level 10.0 Air Magic
 - Level 15.0 Earth Magic
 - Level 3.0 Poison Magic
 + Level 5.3 Invocations


You had 2 spell levels left.
You knew the following spells:

 Your Spells              Type           Power      Damage    Failure   Level
a - Sandblast             Erth           100%       2d20      0%          1
b - Iron Shot             Conj/Erth      43%        9d8       1%          6
c - Stone Arrow           Conj/Erth      100%       3d13      1%          3
d - Petrify               Tmut/Erth      77%        N/A       1%          4
e - Freezing Cloud        Conj/Ice/Air   48%        6-21      1%          5
f - Scorch                Fire           100%       2d10      1%          2
g - Flame Wave            Conj/Fire      70%        2d16      1%          4
h - Slow                  Hex            100%       N/A       1%          1
i - Yara's Violent Unrav  Hex/Tmut       29%        3d12      9%          5
j - Blink                 Tloc           72%        N/A       2%          2
k - Passwall              Tmut/Erth      64%        N/A       1%          2

Your spell library contained the following spells:

 Spells                   Type           Power      Damage    Failure   Level
 Magic Dart               Conj           100%       1d8       0%          1
 Shock                    Conj/Air       100%       1d9       1%          1
 Sting                    Tmut/Pois      100%       1d8       1%          1
 Ensorcelled Hibernation  Hex/Ice        100%       N/A       1%          2
 Poisonous Vapours        Pois/Air       100%       N/A       1%          2
 Static Discharge         Conj/Air       78%        3-13/arc  1%          2
 Wereblood                Tmut           67%        N/A       1%          2
 Summon Small Mammal      Summ           64%        N/A       5%          1
 Call Imp                 Summ           16%        N/A       9%          2
 Conjure Flame            Conj/Fire      70%        6-21      1%          3
 Dazzling Flash           Conj/Hex       100%       N/A       1%          3
 Ignite Poison            Fire/Tmut/Pois 53%        N/A       1%          3
 Mephitic Cloud           Conj/Pois/Air  68%        N/A       1%          3
 Ozocubu's Armour         Ice            90%        N/A       1%          3
 Fulminant Prism          Conj/Hex       35%        3d18      1%          4
 Hailstorm                Conj/Ice       99%        3d19      1%          4
 Ice Form                 Ice/Tmut       88%        N/A       1%          4
 Leda's Liquefaction      Hex/Erth       35%        N/A       1%          4
 Sticky Flame             Conj/Fire      70%        2d8       1%          4
 Irradiate                Conj/Tmut      38%        3d24      1%          5
 Iskenderun's Battlesphe  Conj           86%        2d13      1%          5
 Lightning Bolt           Conj/Air       39%        1d57      1%          5
 Confusing Touch          Hex            48%        N/A       2%          3
 Tukima's Dance           Hex            48%        N/A       2%          3
 Animate Armour           Summ/Erth      100%       N/A       2%          4
 Portal Projectile        Hex/Tloc       84%        N/A       3%          3
 Blade Hands              Tmut           33%        N/A       3%          5
 Lesser Beckoning         Tloc           36%        N/A       4%          3
 Conjure Ball Lightning   Conj/Air       39%        3x3d13    4%          6
 Summon Guardian Golem    Hex/Summ       32%        N/A       6%          3
 Silence                  Hex/Air        30%        N/A       8%          5
 Starburst                Conj/Fire      35%        6d10      13%         6
 Passage of Golubria      Tloc           36%        N/A       16%         4
 Call Canine Familiar     Summ           16%        N/A       17%         3
 Vampiric Draining        Necr           16%        2d7       17%         3
 Anguish                  Hex/Necr       16%        N/A       21%         4
 Manifold Assault         Tloc           36%        N/A       41%         5
 Summon Mana Viper        Hex/Summ       32%        N/A       50%         5
 Ozocubu's Refrigeration  Ice            45%        4d17      61%         7
 Storm Form               Tmut/Air       34%        N/A       67%         7
 Simulacrum               Ice/Necr       33%        N/A       73%         6
 Agony                    Necr           16%        N/A       83%         5
 Spellforged Servitor     Conj/Summ      30%        N/A       91%         7
 Dispersal                Tloc           18%        N/A       94%         6
 Summon Cactus Giant      Summ           8%         N/A       100%        6
 Enfeeble                 Hex            24%        N/A       100%        7
 Malign Gateway           Summ/Tloc      13%        N/A       100%        7
 Summon Hydra             Summ           8%         N/A       100%        7
 Disjunction              Tloc           18%        N/A       100%        8
 Ignition                 Fire           25%        3d9       100%        8
 Fire Storm               Conj/Fire      35%        8d9       100%        9
 Polar Vortex             Ice            45%        N/A       100%        9
 Shatter                  Erth           43%        3d33*     100%        9
 Sublimation of Blood     Necr           Unusable   N/A       N/A         2

Dungeon Overview and Level Annotations

Branches:
Dungeon (15/15)            Temple (1/1) D:5            Lair (5/5) D:10
  Swamp (0/4) Lair:3        Snake (4/4) Lair:3        Slime (0/5) Lair:5
    Orc (2/2) D:9             Elf (0/3) Orc:2        Vaults (0/5) D:14
 Depths (0/4) D:15          Sewer (visited)         Ossuary (visited)

Altars:
Ashenzari
Cheibriados
Dithmenos
Elyvilon
Fedhas
Gozag
Hepliaklqana
Kikubaaqudgha
Makhleb
Nemelex Xobeh
Okawaru
Qazlal
Ru
Sif Muna
Trog
Uskayaw
Vehumet
Wu Jian
Xom
Yredelemnul
Zin
The Shining One
Jiyva

Shops:
D:1 ?   D:6 (   D:12 !   Orc:2 =*[?   Snake:2 [   Snake:3 =

Portals:
Pandemonium: Orc:2


Innate Abilities, Weirdness & Mutations

You are immune to sickness and miasma.
Your stone body is resilient. (AC +13)
You are immune to poison.
Your large and strong wings let you fly.
You resist negative energy. (rN+)
You are resistant to electric shocks. (rElec)
You are resistant to unholy torment.
You are immune to petrification.
You possess an exceptional clarity of mind.
You expend magic power (3 MP) to strengthen your wands.


Message History

The nagaraja is engulfed in freezing vapours.
The nagaraja hits you but does no damage.
The nagaraja is engulfed in freezing vapours.
The nagaraja hits you with a +0 club!! The nagaraja grabs you.
The nagaraja constricts you.
The nagaraja is engulfed in freezing vapours.
The nagaraja gestures wildly while chanting.
The nagaraja seems to speed up.
The nagaraja is engulfed in freezing vapours.
The nagaraja hits you but does no damage.
The nagaraja constricts you.
The naga warrior is engulfed in freezing vapours.
The naga warrior closely misses you.
The nagaraja is engulfed in freezing vapours.
The nagaraja closely misses you.
The nagaraja is engulfed in freezing vapours.
The nagaraja barely misses you. The nagaraja completely misses you.
The nagaraja constricts you.
The nagaraja is engulfed in freezing vapours.
The nagaraja hits you but does no damage.
The naga warrior is engulfed in freezing vapours.
You kill the naga warrior!
Sif Muna accepts your kill.
The nagaraja is engulfed in freezing vapours.
The nagaraja spits poison at you. The splash of poison misses you.
The nagaraja is engulfed in freezing vapours.
The nagaraja spits poison at you.
The splash of poison hits you but does no damage.
You resist. The nagaraja constricts you.
The nagaraja is engulfed in freezing vapours.
The nagaraja hits you but does no damage.
The nagaraja is engulfed in freezing vapours.
The nagaraja hits you with a +0 club!! The nagaraja constricts you.
The nagaraja is engulfed in freezing vapours.
The nagaraja hits you from afar with a +0 spear!!
* * * LOW HITPOINT WARNING * * *
The nagaraja is engulfed in freezing vapours.
The nagaraja hits you from afar with a +0 spear!!
You die...

#......# #..)...#
#......# ######......##
#####.............
####............#...#
###§§§................#
##§§§§N§................
#§§§§N§@...#####......##
#§§§§§§.#### #......#
.§§#§#N## #..)...# ..§§
#§ #......# #.§ §§
#.....)# #. §§§ #......#
# .§§§ ........ #...
#......... #.........


You could see 3 nagarajas.

Vanquished Creatures
  Vashnia (Snake:3)
  Agnes (D:15)
  4 nagarajas
  2 ettins (Orc:2)
  Snorg (Lair:3)
  The ghost of Zeebu the Protected, a journeyman MiFi of Okawaru (Lair:1)
  2 fire dragons
  2 vault guards (D:14)
  A rakshasa (D:15)
  10 hydras
  5 anacondas
  3 salamander tyrants (Snake:4)
  2 demonspawn (Orc:2)
  A catoblepas (Lair:5)
  3 centaur warriors
  4 two-headed ogres
  7 boulder beetles
  7 death yaks (Lair:5)
  18 naga warriors
  Nergalle (Lair:3)
  16 naga sharpshooters
  A tengu warrior (D:14)
  4 orc high priests (Orc:2)
  9 shock serpents
  Urug (Lair:3)
  5 skeletal warriors
  3 salamander mystics
  5 sea snakes (Snake:3)
  Lodul (D:12)
  A bog body (Lair:3)
  A flayed ghost (D:15)
  A deep troll (shapeshifter) (D:9)
  4 naga ritualists
  A deep elf pyromancer (D:12)
  A lindwurm (Lair:5)
  10 mana vipers
  A necromancer (D:15)
  5 orc knights
  5 manticores
  9 orc sorcerers (Orc:2)
  4 oklob plants (Lair:3)
  2 ugly things
  5 cyclopes
  8 salamanders
  Joseph (D:8)
  35 black mambas
  An orange demon (Orc:2)
  Maurice (D:12)
  A rust devil (Orc:2)
  A stone giant skeleton (D:15)
  12 elephants
  A guardian serpent (Snake:4)
  3 torpor snails
  2 rime drakes (Lair:5)
  22 naga magi
  9 cane toads
  A gargoyle (D:13)
  An unseen horror (D:10)
  Psyche (D:12)
  2 smoke demons (Orc:2)
  8 komodo dragons
  An efreet (D:9)
  A kobold demonologist (D:12)
  An unseen horror (shapeshifter) (D:14)
  2 tengu conjurers (D:13)
  An ice devil (Orc:2)
  10 polar bears (Lair:5)
  10 trolls
  3 meliai (D:14)
  A hornet (D:10)
  Prince Ribbit (D:6)
  3 raiju (Lair:5)
  8 blink frogs
  4 dream sheep (Lair:5)
  3 slime creatures (D:15)
  3 wraiths
  A vampire (D:12)
  A water elemental (D:14)
  A shadow (D:10)
  A spriggan skeleton (D:15)
  5 basilisks
  4 wyverns
  8 humans (D:14)
  Grum (Lair:1)
  35 yaks
  4 vampire mosquitoes (D:12)
  A chaos spawn (Orc:2)
  3 steam dragons
  3 swamp worms (Lair:3)
  59 nagas
  5 wargs
  A glowing shapeshifter zombie (D:15)
  4 acid dragons
  14 hell hounds (Lair:5)
  16 water moccasins
  A human skeleton (D:15)
  2 sky beasts (D:6)
  15 black bears
  4 ice beasts
  30 orc warriors
  16 ogres
  6 centaurs
  28 wolves
  5 boggarts (D:13)
  5 phantoms
  6 kobold brigands
  4 necrophages
  12 bullfrogs
  3 scorpions
  A gnoll sergeant (D:8)
  8 wights
  14 killer bees
  4 electric eels
  6 howler monkeys
  10 jellies
  26 orc priests
  6 hounds
  Crazy Yiuf (D:2)
  2 gnoll boudas
  Ijyb (D:3)
  2 iguanas
  14 orc wizards
  3 mummies (Ossuary)
  17 gnolls
  7 adders
  A shadow imp (D:8)
  An ufetubus (D:6)
  2 adder zombies (Ossuary)
  A worm (D:2)
  67 orcs
  9 ball pythons
  8 bats
  13 endoplasms
  11 giant cockroaches
  4 goblins
  6 hobgoblins
  3 jackals
  5 quokkas
  8 frilled lizards
  3 goblin zombies (Ossuary)
  3 hobgoblin zombies (Ossuary)
  25 kobolds
  2 kobold zombies (Ossuary)
  6 quokka zombies (Ossuary)
  4 rats
  2 rat zombies (Ossuary)
943 creatures vanquished.

Vanquished Creatures (others)
  A vault guard (D:14)
  A human (D:14)
  29 fungi
  76 plants
  4 withered plants (D:15)
111 creatures vanquished.

Grand Total: 1054 creatures vanquished

Notes
Turn   | Place    | Note
-------+----------+-------------------------------------------
     0 | D:1      | Hugehornet the Gargoyle Earth Elementalist began the quest
                  | for the Orb.
     0 | D:1      | Reached XP level 1. HP: 10/10 MP: 3/3
   243 | D:1      | Reached skill level 1 in Transmutations
   327 | D:1      | Reached XP level 2. HP: 15/15 MP: 3/5
   330 | D:1      | Learned a level 2 spell: Passwall
   540 | D:1      | Found Keock's Magic Scroll Boutique.
   561 | D:1      | Bought a scroll of identify for 26 gold pieces
  1080 | D:2      | Reached XP level 3. HP: 18/19 MP: 0/6
  1380 | D:2      | Reached XP level 4. HP: 24/24 MP: 3/7
  1446 | D:2      | Learned a level 3 spell: Stone Arrow
  1951 | D:2      | Found a runed translucent door.
  1952 | D:2      | Noticed Crazy Yiuf
  2012 | D:2      | Reached skill level 1 in Conjurations
  2012 | D:2      | Reached skill level 5 in Earth Magic
  2347 | D:2      | Killed Crazy Yiuf
  2348 | D:2      | Reached XP level 5. HP: 28/28 MP: 6/9
  2554 | D:3      | Noticed Ijyb
  2565 | D:3      | Killed Ijyb
  3055 | D:3      | Found a faded altar of an unknown god.
  3269 | D:3      | Gained mutation: Your muscles are strong. (Str +4, Int/Dex
                  | -1) [potion of mutation]
  3269 | D:3      | Gained mutation: You occasionally lose the ability to read
                  | scrolls when taking damage. [potion of mutation]
  3269 | D:3      | Gained mutation: Your body sometimes deteriorates upon
                  | taking damage. [potion of mutation]
  3269 | D:3      | Gained mutation: You have a pair of small antennae on your
                  | head. [potion of mutation]
  3270 | D:3      | Lost mutation: You have a pair of small antennae on your
                  | head. [potion of mutation]
  3270 | D:3      | Lost mutation: Your body sometimes deteriorates upon taking
                  | damage. [potion of mutation]
  3270 | D:3      | Gained mutation: Your body sometimes deteriorates upon
                  | taking damage. [potion of mutation]
  3270 | D:3      | Gained mutation: Your magical capacity is low. (-10% MP)
                  | [potion of mutation]
  3270 | D:3      | Gained mutation: Your movements are slightly less
                  | encumbered by armour. (ER -2) [potion of mutation]
  3682 | D:4      | Reached XP level 6. HP: 32/32 MP: 7/9
  3906 | D:4      | Found a glowing drain.
  3969 | Sewer    | Entered a sewer
  4179 | Sewer    | Found a shimmering altar of Xom.
  4221 | Sewer    | Reached XP level 7. HP: 36/36 MP: 11/11
  4267 | Sewer    | Learned a level 4 spell: Petrify
  4726 | D:4      | Noticed a wyvern
  4816 | D:4      | Killed a wyvern
  4955 | D:4      | Learned a level 2 spell: Blink
  4961 | D:4      | Found a basalt altar of Yredelemnul.
  5254 | D:5      | Entered Level 5 of the Dungeon
  5254 | D:5      | Noticed a yak
  5254 | D:5      | Noticed a yak
  5254 | D:5      | Noticed a yak
  5254 | D:5      | Noticed a yak
  5265 | D:4      | Killed a yak
  5266 | D:4      | Reached XP level 8. HP: 21/41 MP: 12/12
  5484 | D:4      | Killed a yak
  5485 | D:4      | Reached skill level 1 in Translocations
  5593 | D:4      | Killed a yak
  5883 | D:5      | Reached skill level 5 in Conjurations
  6200 | D:5      | Found a staircase to the Ecumenical Temple.
  6377 | D:6      | Reached XP level 9. HP: 43/45 MP: 14/14
  6432 | D:6      | Noticed Prince Ribbit
  6435 | D:6      | Found a hazy altar of Hepliaklqana.
  6437 | D:6      | Found a bloodstained altar of Trog.
  6558 | D:6      | Killed Prince Ribbit
  6559 | D:6      | Reached skill level 5 in Spellcasting
  6559 | D:6      | Reached skill level 5 in Transmutations
  6715 | D:6      | Found a glowing silver altar of Zin.
  6743 | Temple   | Entered the Ecumenical Temple
  6977 | D:6      | Found a broken altar of Ashenzari.
  7024 | D:6      | Reached skill level 1 in Fighting
  7091 | D:6      | Lost mutation: Your movements are slightly less encumbered
                  | by armour. (ER -2) [potion of mutation]
  7091 | D:6      | Lost mutation: You occasionally lose the ability to read
                  | scrolls when taking damage. [potion of mutation]
  7091 | D:6      | Gained mutation: You are partially covered in iridescent
                  | scales. (AC +2) [potion of mutation]
  7091 | D:6      | Gained mutation: You sometimes lose your temper in combat.
                  | [potion of mutation]
  7091 | D:6      | Lost mutation: You sometimes lose your temper in combat.
                  | [potion of mutation]
  7091 | D:6      | Gained mutation: You are mostly covered in iridescent
                  | scales. (AC +4) [potion of mutation]
  7211 | D:6      | Reached skill level 5 in Fighting
  7211 | D:6      | Reached XP level 10. HP: 59/59 MP: 11/19
  7401 | D:6      | Found Kalu's Hydra Hut.
  7419 | D:6      | Reached skill level 1 in Armour
  7539 | D:6      | Noticed a seven-headed hydra
  7647 | D:6      | Found a sparkling altar of Nemelex Xobeh.
  7648 | D:6      | Found a burning altar of Makhleb.
  7724 | D:7      | Found a sand-covered staircase.
  7729 | Ossuary  | Entered an ossuary
  8232 | D:7      | Reached XP level 11. HP: 63/64 MP: 20/20
  8276 | D:7      | Found a sacrificial altar of Ru.
  9354 | D:8      | Noticed Joseph
  9369 | D:8      | Killed Joseph
  9672 | D:8      | Found a glowing golden altar of the Shining One.
 10201 | D:9      | Reached skill level 5 in Dodging
 10331 | D:9      | Found a staircase to the Orcish Mines.
 10392 | D:9      | Noticed a manticore
 10947 | Temple   | Became a worshipper of Sif Muna the Loreminder
 11191 | D:8      | Killed a manticore
 11391 | D:9      | Noticed a two-headed ogre
 11402 | D:9      | Killed a two-headed ogre
 11403 | D:9      | Reached skill level 5 in Armour
 11561 | D:9      | Noticed a fire dragon
 11590 | D:9      | Killed a fire dragon
 11872 | D:9      | Noticed a white ugly thing
 11877 | D:9      | Killed a white ugly thing
 11922 | D:9      | Reached * piety under Sif Muna
 12153 | D:9      | Identified the +4 long sword of Red Fortitude {venom,
                  | Fragile rElec rC+++ Str-3}
 12168 | D:9      | Reached skill level 1 in Staves
 12323 | D:9      | Noticed a deep troll
 12338 | D:9      | Killed a deep troll
 12339 | D:9      | Reached XP level 12. HP: 32/68 MP: 14/22
 13116 | D:9      | Lost mutation: Your magical capacity is low. (-10% MP)
                  | [potion of mutation]
 13116 | D:9      | Lost mutation: Your muscles are strong. (Str +4, Int/Dex
                  | -1) [potion of mutation]
 13116 | D:9      | Gained mutation: You have supernaturally acute eyesight.
                  | (SInv) [potion of mutation]
 13116 | D:9      | Gained mutation: You are completely covered in iridescent
                  | scales. (AC +6) [potion of mutation]
 13116 | D:9      | Gained mutation: Your mind is acute. (Int +4, Str/Dex -1)
                  | [potion of mutation]
 13117 | D:9      | Lost mutation: You have supernaturally acute eyesight.
                  | (SInv) [potion of mutation]
 13117 | D:9      | Lost mutation: Your mind is acute. (Int +4, Str/Dex -1)
                  | [potion of mutation]
 13117 | D:9      | Lost mutation: You are completely covered in iridescent
                  | scales. (AC +6) [potion of mutation]
 13117 | D:9      | Lost mutation: You are mostly covered in iridescent scales.
                  | (AC +4) [potion of mutation]
 13117 | D:9      | Gained mutation: You have large cloven feet. [potion of
                  | mutation]
 13117 | D:9      | Gained mutation: You expend magic power (3 MP) to
                  | strengthen your wands. [potion of mutation]
 13218 | D:10     | Entered Level 10 of the Dungeon
 13899 | D:10     | Found a staircase to the Lair.
 14070 | Lair:1   | Entered Level 1 of the Lair of Beasts
 14136 | Lair:1   | Learned a level 2 spell: Scorch
 14141 | Lair:1   | Learned a level 4 spell: Flame Wave
 14471 | Lair:1   | Reached skill level 1 in Fire Magic
 15017 | Lair:1   | Reached ** piety under Sif Muna
 15236 | Lair:1   | Reached skill level 1 in Invocations
 15495 | Lair:1   | Found a runed translucent gate.
 15495 | Lair:1   | Found a runed translucent gate.
 15495 | Lair:1   | Found a runed translucent gate.
 15503 | Lair:1   | Noticed Zeebu's ghost (journeyman MiFi)
 15503 | Lair:1   | Noticed a ten-headed hydra
 15504 | Lair:1   | Noticed a nine-headed hydra
 15859 | Lair:1   | Noticed Grum
 15930 | Lair:1   | Killed Grum
 17188 | Lair:2   | Learned a level 1 spell: Slow
 17194 | Lair:2   | Learned a level 5 spell: Yara's Violent Unravelling
 17475 | Lair:2   | Reached XP level 13. HP: 76/76 MP: 26/26
 17937 | Lair:3   | Noticed Nergalle
 17947 | Lair:3   | Killed Nergalle
 18198 | Lair:3   | Reached skill level 1 in Hexes
 18343 | Lair:3   | Found a staircase to the Snake Pit.
 19208 | Lair:3   | Noticed Urug
 19217 | Lair:3   | Killed Urug
 19494 | Lair:3   | Noticed Snorg
 19503 | Lair:3   | Killed Snorg
 19504 | Lair:3   | Reached skill level 10 in Spellcasting
 20058 | Lair:3   | Found a staircase to the Swamp.
 20909 | Lair:4   | Reached *** piety under Sif Muna
 20920 | Lair:4   | Found a glowing silver altar of Zin.
 21063 | Lair:4   | Learned a level 5 spell: Freezing Cloud
 21492 | Lair:4   | Reached skill level 1 in Ice Magic
 22009 | Lair:5   | Entered Level 5 of the Lair of Beasts
 22049 | Lair:5   | Reached skill level 1 in Air Magic
 22843 | Lair:5   | Gained mutation: Your large and strong wings let you fly.
                  | [Gargoyle growth]
 22843 | Lair:5   | Reached XP level 14. HP: 38/84 MP: 8/28
 23592 | Lair:5   | Reached skill level 5 in Invocations
 23924 | Lair:5   | Reached **** piety under Sif Muna
 24371 | Lair:5   | Reached skill level 5 in Ice Magic
 25346 | Lair:5   | Found a viscous altar of Jiyva.
 25349 | Lair:5   | Found a staircase to the Slime Pits.
 25711 | Lair:5   | Reached skill level 5 in Air Magic
 25966 | Lair:5   | Reached ***** piety under Sif Muna
 27100 | Lair:5   | Received a gift from Sif Muna
 27103 | Lair:5   | Got Sif Muna's Anthology of the Jolly Beds {god gift}
 28130 | Lair:1   | Killed Zeebu's ghost
 28379 | Lair:1   | Learned a level 3 spell: Mephitic Cloud
 28684 | D:11     | Identified the +1 ring mail of Eternal Night {Rampage Will-
                  | rCorr Str+3}
 28753 | D:11     | Reached XP level 15. HP: 75/89 MP: 2/29
 29603 | D:1      | Bought a scroll of identify for 26 gold pieces
 29603 | D:1      | Bought a scroll of identify for 26 gold pieces
 29603 | D:1      | Bought a scroll of identify for 26 gold pieces
 29603 | D:1      | Bought a scroll of identify for 26 gold pieces
 29788 | Orc:1    | Entered Level 1 of the Orcish Mines
 29980 | Orc:2    | Entered Level 2 of the Orcish Mines
 30702 | Orc:2    | Found Raocvip's General Store.
 30883 | Orc:2    | Reached skill level 1 in Poison Magic
 30909 | Orc:2    | Found Gumoig's Magic Scroll Emporium.
 31087 | Orc:2    | Bought a potion of heal wounds for 65 gold pieces
 31087 | Orc:2    | Bought a +2 helmet of intelligence for 279 gold pieces
 31306 | Orc:2    | Bought a scroll of identify for 24 gold pieces
 31306 | Orc:2    | Bought a scroll of teleportation for 36 gold pieces
 31306 | Orc:2    | Bought a scroll of teleportation for 36 gold pieces
 32041 | Orc:2    | Found a staircase to the Elven Halls.
 32360 | Orc:2    | Received a gift from Sif Muna
 32367 | Orc:2    | Got Qapeerim's Compilation of the Crystalline Volcanoes
                  | {god gift}
 33347 | Orc:2    | Found Jijur's Jewellery Shop.
 33347 | Orc:2    | Found Umua's Antique Armour Boutique.
 33348 | Orc:2    | Found a one-way gate leading to the halls of Pandemonium.
 33352 | Orc:2    | Bought a glowing scarf for 136 gold pieces
 33352 | Orc:2    | Bought a pair of embroidered boots for 127 gold pieces
 34211 | Orc:1    | You are sucked into a shaft and drop 1 floor!
 34673 | D:12     | Found Yrohy's Distillery.
 34677 | D:12     | Bought a potion of heal wounds for 90 gold pieces
 34677 | D:12     | Bought 2 potions of ambrosia for 288 gold pieces
 34685 | D:12     | Bought a potion of mutation for 144 gold pieces
 34686 | D:12     | Lost mutation: You are partially covered in iridescent
                  | scales. (AC +2) [potion of mutation]
 34686 | D:12     | Lost mutation: You have large cloven feet. [potion of
                  | mutation]
 34686 | D:12     | Gained mutation: You are strong-willed. (Will+) [potion of
                  | mutation]
 35016 | D:12     | Noticed Psyche
 35024 | D:12     | Killed Psyche
 35643 | D:12     | Noticed Lodul
 35654 | D:12     | Killed Lodul
 36016 | D:12     | Noticed Maurice
 36021 | D:12     | Killed Maurice
 37122 | D:13     | Identified the +3 great sword of a bailey {drain, rPois
                  | rN++ rCorr MP+9}
 38140 | D:14     | Reached XP level 16. HP: 94/94 MP: 27/30
 38362 | D:14     | Found a gate to the Vaults.
 38648 | D:14     | Reached skill level 10 in Conjurations
 38781 | D:14     | Learned a level 6 spell: Iron Shot
 40175 | D:15     | Entered Level 15 of the Dungeon
 40451 | D:15     | Found a staircase to the Depths.
 40608 | D:15     | Received a gift from Sif Muna
 40611 | D:15     | Got Sif Muna's Discourse on Metamorphosis and Battling {god
                  | gift}
 40927 | D:15     | Reached skill level 10 in Ice Magic
 41553 | D:15     | Noticed Agnes
 41559 | D:15     | Killed Agnes
 41980 | Snake:1  | Entered Level 1 of the Snake Pit
 42920 | Snake:1  | Noticed a nagaraja
 42926 | Snake:1  | Killed a nagaraja
 44967 | Snake:2  | Found Utostij's Antique Armour Boutique.
 45508 | Snake:2  | Reached XP level 17. HP: 99/99 MP: 24/31
 47206 | Snake:3  | Found Vaheclan's Jewellery Shop.
 47410 | Snake:3  | Lost mutation: You are strong-willed. (Will+) [potion of
                  | mutation]
 47410 | Snake:3  | Lost mutation: Your body sometimes deteriorates upon taking
                  | damage. [potion of mutation]
 47410 | Snake:3  | Gained mutation: Your spells are a little harder to cast,
                  | but a little more powerful. [potion of mutation]
 47410 | Snake:3  | Lost mutation: Your spells are a little harder to cast, but
                  | a little more powerful. [potion of mutation]
 47410 | Snake:3  | Gained mutation: You possess an exceptional clarity of
                  | mind. [potion of mutation]
 47512 | Snake:3  | Found a gateway to a bazaar.
 47550 | Bazaar   | Entered a bazaar
 47550 | Bazaar   | Found Eferopn's Antique Armour Emporium.
 47550 | Bazaar   | Found Poesel's Weapon Shop.
 47550 | Bazaar   | Found Duwotim's Weapon Shoppe.
 47550 | Bazaar   | Found Zomumipt's General Store.
 47552 | Bazaar   | Found Somutoat's Jewellery Shoppe.
 47592 | Bazaar   | Bought the ring "Himyetarr" {Fly Int+5 Dex+3 SInv} for 455
                  | gold pieces
 47600 | Bazaar   | Bought the ring of Atheism {rC+ rCorr} for 601 gold pieces
 47606 | Bazaar   | Bought a pair of runed boots for 172 gold pieces
 47793 | Snake:3  | Received a gift from Sif Muna
 47794 | Snake:3  | Reached skill level 15 in Earth Magic
 47796 | Snake:3  | Got Sif Muna's Anthology of Reformation and the Lungs {god
                  | gift}
 47899 | Snake:3  | Noticed Vashnia
 47908 | Snake:3  | Killed Vashnia
 48336 | Snake:4  | Entered Level 4 of the Snake Pit
 48928 | Snake:4  | Reached skill level 10 in Air Magic
 49689 | Snake:4  | Reached skill level 15 in Conjurations
 50346 | Snake:4  | Reached skill level 5 in Fire Magic
 50679 | Snake:4  | Reached XP level 18. HP: 92/104 MP: 6/32
 51148 | Snake:4  | Received a gift from Sif Muna
 51155 | Snake:4  | Reached skill level 5 in Staves
 51155 | Snake:4  | Got Sif Muna's Anthology of Incendiary Ensorcelling {god
                  | gift}
 51462 | Snake:4  | Mangled by a nagaraja

Illustrated notes

Levels and vault maps discovered:
D:1:      shiori_arrival_whats_in_store_for_you, layout_basic, serial_shops,
          shop_statue
D:2:      layout_basic, palyth_stone_intersect, minmay_divided_ellipse,
          uniq_crazy_yiuf_cottage
D:3:      layout_basic, chequers_ecumenical_altar_simple_redux, dk_vineyard_2,
          uniq_ijyb
D:4:      layout_basic, mainiacjoe_overflow_alcove_4, gup_sewer_entry_glass,
          serial_forest, infiniplex_forest_lined_3, infiniplex_forest_corner_1,
          infiniplex_forest_lined_3, infiniplex_forest_zigzag_1,
          minmay_splitting_lines
D:5:      layout_rooms, temple_hall
D:6:      nicolae_cairo_tiling, layout_rooms, zin_academy,
          gammafunk_temple_overflow_forgotten, gammafunk_temple_overflow_statue,
          doesnt_shop_hydraphobe, uniq_prince_ribbit1
D:7:      layout_loops_corners, nicolae_ru_great_annihilating_truth,
          enter_ossuary_5, minmay_between
D:8:      layout_loops_corners, nicolae_tso_swordbearing_angel, uniq_joseph
D:9:      minmay_the_grid_3x2 [minmay_the_grid_mess,
          minmay_the_grid_broken_lines, minmay_the_grid_x,
          minmay_the_grid_doors, minmay_the_grid_all_tris,
          minmay_the_grid_prize_trominoes], layout_loops_ring
D:10:     layout_roguey, grunt_lair_entry_orc_guard_hut
D:11:     layout_basic
D:12:     layout_stronghold, serial_shops, shop_fountains, drop_trap,
          uniq_lodul, uniq_maurice, uniq_psyche
D:13:     layout_loops_corners
D:14:     layout_basic, ximxim_vaults_locker_room, kennysheep_flooded_box
D:15:     gammafunk_depths_entry_grave, layout_rooms,
          minmay_misc_feat_more_columns, uniq_agnes
Temple:   hellmonk_temple_forest_ring
Lair:1:   layout_gridlike, gammafunk_ghost_hydra_chop, lemuel_fruit_tree,
          uniq_grum
Lair:2:   layout_layer_cave, grunt_megastairs_4
Lair:3:   minmay_lair_oklob_tunnel, layout_loops_ring,
          nicolae_swamp_entry_splash_gauntlet, dummy_snake_entry,
          infiniplex_staircase_pool, uniq_nergalle, uniq_snorg, uniq_urug
Lair:4:   layout_cave_pods, basic_altar
Lair:5:   hangedman_lair_caniforms_friends, layout_small_grid,
          hangedman_lair_in_review, nicolae_slime_entry_slimehenge
Snake:1:  layout_misc_corridors, st_stairs_2, nicolae_snake_omega,
          grunt_megastairs_1
Snake:2:  layout_misc_corridors, serial_shops, shop
Snake:3:  layout_layer_cave, serial_shops, bzr_in_the_mist, shop,
          serial_bayou_shore_a, grunt_megastairs_2, uniq_vashnia
Snake:4:  minmay_snake_end_coiled, layout_cave_town
Orc:1:    layout_diamond_mine
Orc:2:    pf_orc_diabolical, layout_caves, special_room

Skill      XL: |  1  2  3  4  5  6  7  8  9 10 11 12 13 14 15 16 17 18 |
---------------+-------------------------------------------------------+-----
Transmutations | 1 2 3 4 5 7 8 9 |  9.0
Earth Magic    | 4 5 6 7 11 14 15 | 15.0
Conjurations   | 1 2 3 4 5 6 7 8 9 12 15 | 15.0
Spellcasting   | 3 4 7 8 9 10 | 10.2
Translocations | 3 |  3.0
Fighting       | 5 7 8 |  8.8
Dodging        | 4 5 6 |  6.6
Armour         | 1 6 7 |  7.2
Staves         | 1 3 4 5 |  5.0
Fire Magic     | 2 3 4 5 |  5.2
Invocations    | 2 4 5 |  5.3
Hexes          | 3 4 |  4.7
Ice Magic      | 3 7 9 10 | 10.0
Air Magic      | 2 6 7 9 10 | 10.0
Poison Magic   | 3 |  3.0
Stealth        | |  2.1

Action                   |  1- 3 |  4- 6 |  7- 9 | 10-12 | 13-15 | 16-18 || total
-------------------------+-------+-------+-------+-------+-------+-------++-------
Melee: Unarmed           |     7 |       |       |       |       |       ||     7
       Staff             |    10 |       |       |    31 |    58 |    17 ||   116
       Quarterstaff      |       |    11 |       |     2 |    27 |       ||    40
       Punch             |       |       |       |       |     3 |       ||     3
 Cast: Sandblast         |    45 |    97 |   114 |   294 |   101 |    53 ||   704
       Passwall          |     1 |       |       |       |     2 |       ||     3
       Stone Arrow       |       |       |     9 |   168 |   653 |    85 ||   915
       Petrify           |       |       |     2 |    56 |    42 |       ||   100
       Blink             |       |       |       |     1 |     1 |       ||     2
       Scorch            |       |       |       |       |     9 |       ||     9
       Slow              |       |       |       |       |     5 |       ||     5
       Freezing Cloud    |       |       |       |       |   152 |   221 ||   373
       Iron Shot         |       |       |       |       |       |   111 ||   111
Invok: Channel Magic     |       |       |       |       |     1 |       ||     1
  Use: Scroll            |     1 |     5 |     3 |     8 |    20 |     9 ||    46
       Potion            |       |     2 |     3 |    14 |     2 |     5 ||    26
 Stab: Sleeping          |       |     1 |       |       |     1 |       ||     2
       Petrified         |       |       |       |    13 |     5 |       ||    18
Armor: Robe              |    13 |    24 |    33 |       |       |       ||    70
       Ring mail         |       |       |       |   196 |   310 |   167 ||   673
       Acid dragon scale |       |       |       |       |     2 |       ||     2
Dodge: Dodged            |    23 |    28 |    37 |   199 |   273 |   232 ||   792
